Cogmind - Beta 16 *** ADVENTURER MODE // 2025.12.30 @ 17:35:09 Player: Gentle Jesus Result: Destroyed by EQ-019 with Nova Cannon Performance ------------- Evolutions (9) 4500 Regions Visited (20) 4000 Robots Destroyed (158) 790 Value Destroyed (8096) 8096 Prototype IDs (62) 1240 Alien Tech Used (2) 400 Bonus (13540) 13540 TOTAL SCORE: 32566 Bonus ------- High Alert Combat Kills 2016 Follower Combat Kills 724 Met Zhirov 300 Scanned by Researcher 500 Met MAIN.C 5000 Destroyed MAIN.C Shell 5000 Cogmind --------- Core Integrity 0/1600 Matter 47/300 Energy 1088/1200 System Corruption 19% Temperature Cool (9) Movement Walking (190) Ox1 Location -1/Command Parts ------- > --- POWER (3) -------- Vortex Chain Reactor > --- PROPULSION (6) --- High-density Centrium Leg High-density Centrium Leg > --- UTILITY (12) ----- Advanced Energy Well Advanced Sensor Array Experimental Signal Interpreter Advanced Target Analyzer Experimental Core Analyzer Advanced Particle Accelerator Experimental System Purifier > --- WEAPON (4) ------- Heavy Quantum Rifle Cooled Nova Cannon > --- INVENTORY (5) ---- Reinforced Quantum Reactor Large Storage Unit Advanced Point Defense System Micro-nuke Launcher Peak State ------------ > --- POWER ------------ Fusion Reactor Micro Antimatter Reactor Light Quantum Reactor > --- PROPULSION ------- Antigrav Array Antigrav Array Combat Linear Gravjet Combat Linear Gravjet > --- UTILITY ---------- Advanced Heat Sink Large Storage Unit Advanced Energy Well Machine Analyzer Advanced Sensor Array Experimental Signal Interpreter Experimental Power Shielding Layered Medium Armor Plating Light Regenerative Plating Experimental Hardlight Generator Advanced Hacking Suite System Mapper > --- WEAPON ----------- Potential Cannon Hypervelocity Multirail Gravity Flail > --- INVENTORY -------- Antigrav Array Advanced Sensor Array Dimensional Node Initializer Enhanced Nova Cannon Improved Potential Cannon Hypervelocity Railgun Enhanced Hardcell Cannon Enhanced Hardcell Cannon Micro-nuke Launcher [Rating: 197] Favorites ----------- Power Micro Antimatter Reactor Engine Light Ion Engine Power Core Micro Fission Core Reactor Micro Antimatter Reactor Propulsion Antigrav Array Leg High-density Centrium Leg Wheel Compact Wheel Hover Unit Antigrav Array Flight Unit Advanced Surge Thruster Utility Advanced Hacking Suite Device Advanced Heat Sink Storage Small Storage Unit Processor Experimental Signal Interpreter Hackware Advanced Hacking Suite Protection Experimental Power Shielding Weapon Lance Energy Gun Small Laser Energy Cannon Enhanced Nova Cannon Ballistic Gun Hypervelocity Multirail Ballistic Cannon Graviton Cannon Launcher Micro-nuke Launcher Impact Weapon Gravity Flail Slashing Weapon Molecular Scythe Piercing Weapon Lance Special Melee Weapon Dirty Datajack Build | -11 -10 -10 -8 -8 -6 -6 -6 -5 -5 -5 -4 -4 -4 -4 -3 -3 -3 -2 -1 -1 ------- Run | Yrd Mat Sub Rec Scr Fac Low Low Fac Upp Upp Fac Upp Upp Zhi Pro Res Tes Res Acc Com Slots Evolved 18 | . . . . . 8 . . 2 . . 2 . . . . 2 . 2 2 . Power 2 | . . . . . . . . 1 . . . . . . . . . 1 . . Propulsion 4 | . . . . . 4 . . . . . . . . . . . . . . . Utility 10 | . . . . . 4 . . 1 . . 2 . . . . 1 . 1 1 . Weapon 2 | . . . . . . . . . . . . . . . . 1 . . 1 . Parts Attached 140 | 7 . 3 3 5 8 . . 18 1 1 1 2 . 6 2 7 17 6 10 43 Power 15 | 1 . 1 . 1 . . . 2 . . . . . 1 . 1 . 1 1 6 Engine 4 | 1 . 1 . 1 . . . 1 . . . . . . . . . . . . Core 1 | . . . . . . . . 1 . . . . . . . . . . . . Reactor 10 | . . . . . . . . . . . . . . 1 . 1 . 1 1 6 Propulsion 37 | 2 . 1 2 2 3 . . 5 . 1 1 . . 3 1 2 . 2 1 11 Treads . | . . . . . . . . . . . . . . . . . . . . . Leg 4 | . . . 1 . . . . . . . . . . . . . . . . 3 Wheel 6 | 2 . 1 1 . . . . 1 . 1 . . . . . . . . . . Hover 25 | . . . . 2 3 . . 3 . . . . . 3 1 2 . 2 1 8 Flight 2 | . . . . . . . . 1 . . 1 . . . . . . . . . Utility 56 | 2 . . . 1 5 . . 7 1 . . 1 . 2 . 3 8 2 7 17 Device 27 | 1 . . . . 3 . . 3 1 . . . . . . 1 3 . 4 11 Storage 5 | 1 . . . . . . . . . . . . . 1 . . 2 1 . . Processor 11 | . . . . . 1 . . 2 . . . . . . . 1 1 . 1 5 Hackware 6 | . . . . 1 1 . . 2 . . . . . . . . 1 . . 1 Protection 7 | . . . . . . . . . . . . 1 . 1 . 1 1 1 2 . Artifact . | . . . . . . . . . . . . . . . . . . . . . Weapon 32 | 2 . 1 1 1 . . . 4 . . . 1 . . 1 1 9 1 1 9 Energy Gun 4 | 2 . . . . . . . . . . . . . . . . 1 . . 1 Energy Cannon 12 | . . . 1 . . . . 1 . . . . . . . 1 5 . 1 3 Ballistic Gun 5 | . . 1 . . . . . . . . . . . . . . 1 1 . 2 Ballistic Cannon 3 | . . . . . . . . . . . . . . . . . . . . 3 Launcher 3 | . . . . . . . . 2 . . . 1 . . . . . . . . Special Weapon . | . . . . . . . . . . . . . . . . . . . . . Impact Weapon 2 | . . . . 1 . . . . . . . . . . . . 1 . . . Slashing Weapon 1 | . . . . . . . . . . . . . . . . . 1 . . . Piercing Weapon 1 | . . . . . . . . 1 . . . . . . . . . . . . Special Melee Weapon 1 | . . . . . . . . . . . . . . . 1 . . . . . Unidentified Prototypes 36 | . . . . . 1 . . 2 . . . . . 5 . 1 14 . . 13 Parts Lost 78 | . . 6 . . 2 . 1 10 3 . . 2 . . 1 1 1 . 10 41 Power 9 | . . 1 . . 1 . . 1 . . . 1 . . . . . . . 5 Propulsion 24 | . . 2 . . 1 . 1 5 1 . . . . . 1 . . . 1 12 Utility 30 | . . 1 . . . . . 3 2 . . . . . . 1 . . 9 14 Weapon 14 | . . 2 . . . . . 1 . . . 1 . . . . . . . 10 Highest Loss Streak 21 | . . 4 . . 2 . 1 7 1 . . 1 . . 1 1 1 . 4 21 To Critical Strikes 1 | . . . . . . . . . . . . . . . . . 1 . . . Average Backups 7 | 1 3 3 5 7 5 6 7 5 5 5 5 4 6 7 7 7 7 7 10 9 Power . | . 1 . 1 1 1 1 1 . . 1 1 . . . . . . . . 1 Propulsion . | . 1 1 2 2 . . . . . . . . . . . . 1 1 . . Utility 1 | . 1 1 2 2 2 3 4 2 1 1 1 . . 1 1 1 1 1 . 1 Weapon 3 | . . . . 1 2 2 2 2 3 3 3 4 3 4 4 3 3 3 7 6 Tool/Special . | . . . . . . . . . . . . . . . . . . . . . Unused Backups 13 | . . . 1 . 2 . . 4 . . . . . . 1 1 3 . . 1 Power 4 | . . . . . 1 . . 2 . . . . . . . . 1 . . . Propulsion 2 | . . . 1 . 1 . . . . . . . . . . . . . . . Utility 4 | . . . . . . . . 2 . . . . . . . . 1 . . 1 Weapon 1 | . . . . . . . . . . . . . . . . 1 . . . . Tool/Special 2 | . . . . . . . . . . . . . . . 1 . 1 . . . Average Slot Usage (%) 72 | . 100 90 68 73 48 80 78 64 49 51 47 64 63 70 92 82 83 81 77 65 Engine 3 | . 14 14 14 14 5 6 6 3 1 . . 5 . . . . . . . . Reactor 4 | . . . . . . . . . . . . . . 1 5 8 9 8 11 8 Wheel 2 | . 28 21 5 . . . . . . 4 5 5 5 5 4 . . . . . Hover 13 | . . . . 18 15 26 25 11 6 5 5 5 5 11 25 21 19 16 15 13 Device 9 | . 14 13 . . 3 13 13 9 5 5 5 8 10 10 10 9 13 12 11 11 Storage 8 | . 14 14 14 14 6 6 6 3 5 5 5 5 5 6 10 9 9 8 8 7 Processor 5 | . . . . . 1 6 6 5 5 5 5 5 5 5 5 4 3 4 7 13 Hackware 9 | . . . . 12 6 13 13 15 17 17 15 15 15 15 15 14 9 8 7 1 Protection 4 | . . . . . . . . . . . . 3 5 5 5 7 9 11 11 . Energy Gun 1 | . 28 21 . . . . . . . . . . . . . . . . . . Ballistic Gun 1 | . . 5 14 . . . . . . . . . . . . . 2 3 . 1 Impact Weapon 2 | . . . . 12 6 6 6 1 . . . . . . . . . 3 4 1 Piercing Weapon 1 | . . . . . . . . 2 5 5 3 3 5 5 5 4 . . . . Peak Build Rating 197 | 7 7 8 10 15 42 41 41 68 49 34 41 57 51 84 91 119 170 177 197 174 Average Rating 90 | 4 7 7 9 11 20 41 40 49 35 33 34 48 50 64 89 105 148 162 163 129 On Entrance 55 | . 7 7 6 10 15 41 41 38 48 33 34 38 49 51 84 90 114 163 166 131 Avg Prop Armor Cover (%) 9 | . . . . . . . . 8 . 8 11 13 14 10 3 . . . . 5 Naked Turns . | . . . . . . . . . . . . . . . . . . . . . Heaviest Build 104 | 11 11 14 16 17 21 20 20 25 17 9 13 21 14 26 27 49 89 79 99 104 Greatest Support 92 | 32 32 32 30 15 35 35 35 45 34 14 14 16 16 47 53 74 78 84 86 92 Greatest Overweight (x) 1 | . . 1 1 1 1 . . 1 . . 1 1 . 1 . . 1 1 1 1 Average Overweight (x) . | . . . . . . . . . . . . . . . . . . . . . Largest Inventory Capacity 15 | 8 8 8 8 8 8 8 8 8 8 8 8 8 8 8 8 8 10 15 15 15 Average Capacity 10 | 7 8 8 8 8 8 8 8 7 8 8 8 8 8 8 8 8 9 11 15 13 Most Carried 15 | 3 3 6 6 8 7 7 8 8 6 5 7 6 7 8 8 8 10 12 15 15 Average Carried 8 | 1 3 3 5 7 5 6 7 5 5 5 5 4 6 7 7 7 9 10 13 11 Final Capacity 15 | 8 8 8 8 8 8 8 8 8 8 8 8 8 8 8 8 8 10 15 15 5 Final Carried 13 | 3 3 6 5 8 6 7 8 5 5 5 6 3 7 8 7 8 10 12 13 4 Class Distribution -------------------- 40% | Hacker-Mutant 23% | Hacker-Scout 11% | Mutant 10% | Hacker-Assassin 5% | Scavenger-Mutant 4% | Scavenger-Scout Dominant Class ---------------- Mutant | -10/Materials Mutant | -10/Subcaves Mutant | -8/Recycling Hacker-Mutant | -8/Scraptown Hacker-Mutant | -6/Factory Hacker-Mutant | -6/Lower Caves Hacker-Mutant | -6/Lower Caves Hacker-Mutant | -5/Factory Hacker-Mutant | -5/Upper Caves Hacker-Mutant | -5/Upper Caves Hacker-Mutant | -4/Factory Hacker-Assassin | -4/Upper Caves Hacker-Assassin | -4/Upper Caves Hacker-Assassin | -4/Zhirov Hacker-Scout | -3/Proximity Caves Hacker-Scout | -3/Research Hacker-Mutant | -3/Testing Hacker-Mutant | -2/Research Hacker-Scout | -1/Access Scavenger-Mutant | -1/Command Resources | -11 -10 -10 -8 -8 -6 -6 -6 -5 -5 -5 -4 -4 -4 -4 -3 -3 -3 -2 -1 -1 ----------- Run | Yrd Mat Sub Rec Scr Fac Low Low Fac Upp Upp Fac Upp Upp Zhi Pro Res Tes Res Acc Com Matter Collected 3182 | 247 . 62 10 70 . 35 55 217 40 53 . 104 38 . 75 40 557 106 558 915 Remotely 152 | . . . . . . . . . . . . . . . . . . . . 152 Salvage Created 8080 | 82 . 237 . . 8 . 113 429 23 164 . 93 . . 10 89 1464 511 2415 2442 Parts 317 | 11 . 19 . . . . 7 36 2 1 . 2 . . 3 5 72 11 78 70 Haulers Intercepted 3 | . . . . . . . . . . . . . . . . . 1 1 1 . Recyclers Shooed 4 | . . . . . . . . . . . . . . . . . 1 . . 3 Parts Field Recycled . | . . . . . . . . . . . . . . . . . . . . . Retrieved Matter . | . . . . . . . . . . . . . . . . . . . . . Parts Self-Destructed 14 | . . 6 . . . . 5 . . . . 1 . . 2 . . . . . Prevented 1 | . . . . . . . . . . . . . 1 . . . . . . . Parts Restored . | . . . . . . . . . . . . . . . . . . . . . Kills | -11 -10 -10 -8 -8 -6 -6 -6 -5 -5 -5 -4 -4 -4 -4 -3 -3 -3 -2 -1 -1 ------- Run | Yrd Mat Sub Rec Scr Fac Low Low Fac Upp Upp Fac Upp Upp Zhi Pro Res Tes Res Acc Com Combat Hostiles Destroyed 116 | . . 8 . . . . 5 7 4 . . 3 . . 1 1 12 3 44 28 Melee 7 | . . . . . . . 4 2 . . . . . . 1 . . . . . Guns 39 | . . 8 . . . . . . . . . . . . . . 9 2 14 6 Cannons 20 | . . . . . . . . . . . . . . . . . . . 8 12 AOE 42 | . . . . . . . . 5 4 . . 3 . . . . 3 . 19 8 Classes Destroyed 19 | 1 . 2 . . 1 . . 5 . . . 1 . . 1 1 4 1 2 . Worker 14 | . . . . . . . . 5 . . . . . . . 1 2 3 1 2 Builder 7 | . . . . . 1 . . 1 . . . . . . . . 1 1 3 . Tunneler 4 | 4 . . . . . . . . . . . . . . . . . . . . Hauler 3 | . . . . . . . . . . . . . . . . . 1 1 1 . Recycler 9 | . . . . . . . . 1 . . . . . . . . 2 1 1 4 Operator 3 | . . . . . . . . 1 . . . . . . . . 2 . . . Drone 9 | . . . . . . . . . . . . . . . 1 . . . 8 . Watcher 5 | . . . . . . . . 1 . . . . . . . . . 1 1 2 Swarmer 29 | . . 4 . . . . 5 5 4 . . . . . . . 3 . 5 3 Cutter 2 | . . . . . . . . . . . . . . . . . . 2 . . Grunt 29 | . . . . . . . . . . . . 3 . . . . 1 . 17 8 Brawler 2 | . . . . . . . . . . . . . . . . . . . 1 1 Researcher 5 | . . . . . . . . . . . . . . . . . 5 . . . Sentry 6 | . . . . . . . . . . . . . . . . 1 . . 3 2 Hunter 13 | . . . . . . . . . . . . . . . . . 2 1 6 4 Programmer 18 | . . . . . . . . 2 . . . . . . . . 5 . 3 8 Q-Series 1 | . . . . . . . . . . . . . . . . . . . 1 . Enhanced Q-Series 1 | . . . . . . . . . . . . . . . . . . . . 1 Alpha 7 1 | . . . . . . . . . . . . . . . . . 1 . . . Subdweller 4 | . . 4 . . . . . . . . . . . . . . . . . . Packrat 2 | . . . . . . . . . . 2 . . . . . . . . . . Best Kill Streak 16 | 4 . 4 . . 1 . 4 5 4 . . 3 . . 1 2 6 4 13 16 Combat Bots Only 13 | . . 4 . . . . 4 5 4 . . 3 . . 1 1 3 2 13 12 Max Kills in Single Turn 5 | 1 . 1 . . 1 . 1 4 1 1 . 2 . . 1 1 3 1 5 3 Gunslinging . | . . . . . . . . . . . . . . . . . . . . . Exploded 4 | . . . . . . . . 4 1 . . 2 . . . . 3 . 3 2 Melee 1 | . . . . . . . 1 1 . . . . . . 1 . . . . . Uniques/NPCs Destroyed 1 | . . . . . . . . . . . . . . . . . . . . 1 MAIN.C Shell (-1/Command) Combat | -11 -10 -10 -8 -8 -6 -6 -6 -5 -5 -5 -4 -4 -4 -4 -3 -3 -3 -2 -1 -1 -------- Run | Yrd Mat Sub Rec Scr Fac Low Low Fac Upp Upp Fac Upp Upp Zhi Pro Res Tes Res Acc Com Hostile Shots Fired 1104 | . . 89 . . 41 . 26 159 42 . . 16 . . 14 15 54 8 247 393 Missed 379 | . . 30 . . 21 . 8 58 19 . . 5 . . 6 6 12 4 90 120 Hits 725 | . . 59 . . 20 . 18 101 23 . . 11 . . 8 9 42 4 157 273 Melee 1 | . . . . . . . . . . . . . . . . . . . 1 . Projectile 724 | . . 59 . . 20 . 18 101 23 . . 11 . . 8 9 42 4 156 273 AOE 20 | . . . . . . . . . . . . . . . . . . 2 12 6 Critical Strikes 34 | . . 1 . . . . . 7 1 . . . . . 1 1 8 1 4 10 Part Disruptions 16 | . . . . . . . . 1 . . . . . . . . . . . 15 Damage Taken 12665 | . . 618 . . 129 . 201 1628 287 . . 194 . . 133 141 295 76 2013 6950 Core 2920 | . . 180 . . 20 . 55 781 80 . . 38 . . 51 34 56 . 199 1426 Absorbed by Shields 1130 | . . . . . . . . . . . . . . . . . 350 . 780 . Redirected to Shielding 296 | . . . . . . . . . . . . . . . . . . 12 270 14 Ignored by Resistances 3798 | . . 178 . . 42 . 60 445 85 . . 55 . . 37 39 186 22 773 1876 Regen/Repaired (Parts) 337 | . . . . . . . . . . . . . . . . . 32 24 281 . Core Remaining (%) 73 | 100 . . . 28 . . 91 . . 13 . . . . 92 . 93 100 . . Volleys Fired 312 | 6 . 27 . . . . . 11 4 . . 4 . . . 1 60 5 61 133 Largest 3 | 2 . 2 . . . . . 1 1 . . 1 . . . 1 2 1 2 3 Hottest 360 | 80 . 80 . . . . . 90 43 . . 49 . . . 113 163 50 250 360 Shots Fired 458 | 12 . 44 . . . . . 11 4 . . 4 . . . 1 69 5 65 243 Gun 242 | 12 . 44 . . . . . 6 . . . . . . . . 49 5 36 90 Cannon 202 | . . . . . . . . 4 . . . . . . . 1 19 . 27 151 Launcher 14 | . . . . . . . . 1 4 . . 4 . . . . 1 . 2 2 Special . | . . . . . . . . . . . . . . . . . . . . . Kinetic 193 | . . 7 . . . . . 6 . . . . . . . . 49 5 36 90 Thermal 247 | 12 . 37 . . . . . 1 . . . . . . . 1 18 . 27 151 Explosive 14 | . . . . . . . . 1 4 . . 4 . . . . 1 . 2 2 Electromagnetic 4 | . . . . . . . . 3 . . . . . . . . 1 . . . Robot Hit Streak 53 | 7 . 19 . . . . . 8 5 . . 7 . . . 8 53 5 27 35 Robot Miss Streak 3 | 1 . 1 . . . . . 1 . . . . . . . . 3 3 3 3 Penetration Max 2 | . . . . . . . . . . . . . . . . . 1 . 2 1 Secondary Targets . | . . . . . . . . . . . . . . . . . . . . . Shots Hit Robots 416 | 8 . 39 . . 1 . 5 17 4 2 . 2 . . 2 6 69 14 61 186 Core Hits 271 | 5 . 16 . . . . 2 14 4 1 . 7 . . 2 5 70 5 65 75 Critical Kills 34 | . . . . . . . 1 . . . . . . . . 1 10 2 14 6 Critical Parts Destroyed 76 | . . . . . 1 . 3 1 . . . . . . . . 29 6 18 18 Critical Strikes 138 | . . . . . 1 . 4 1 . 1 . . . . . 1 53 8 41 28 Meltdown 2 | . . . . . . . . . . . . . . . . 1 . . . 1 Destroy 121 | . . . . . . . . . . . . . . . . . 53 4 37 27 Smash 14 | . . . . . 1 . 4 1 . . . . . . . . . 4 4 . Impale 1 | . . . . . . . . . . 1 . . . . . . . . . . Melee Attacks 190 | . . . . . 1 . 8 22 2 2 . 1 . . 4 15 42 20 65 8 Impact 108 | . . . . . 1 . 8 4 . . . . . . . . 4 18 65 8 Slashing 40 | . . . . . . . . . . . . . . . . . 38 2 . . Piercing 42 | . . . . . . . . 18 2 2 . 1 . . 4 15 . . . . Sneak Attacks 34 | . . . . . 1 . 1 4 . 2 . . . . 1 3 9 7 4 2 Combat Hostiles 4 | . . . . . . . 1 . . . . . . . 1 . . 1 1 . Follow-up Attacks . | . . . . . . . . . . . . . . . . . . . . . Damage Inflicted 27748 | 98 . 510 . . 100 . 267 1589 436 126 . 559 . . 36 118 2718 1146 7820 12225 Guns 3839 | 98 . 510 . . . . . 81 . . . . . . . . 758 46 415 1931 Cannons 9435 | . . . . . . . . 4 . . . . . . . 37 254 . 2151 6989 Explosions 9372 | . . . . . . . . 890 436 . . 559 . . . . 297 . 4235 2955 Melee 5102 | . . . . . 100 . 267 614 . 126 . . . . 36 81 1409 1100 1019 350 Ramming . | . . . . . . . . . . . . . . . . . . . . . Kinetic 3113 | . . 147 . . . . . 81 . . . . . . . . 758 46 415 1666 Thermal 15879 | 98 . 363 . . . . . . . . . . . . . 37 254 . 5065 10062 Explosive 3650 | . . . . . . . . 890 436 . . 559 . . . . 297 . 1321 147 Electromagnetic 4 | . . . . . . . . 4 . . . . . . . . . . . . Impact 3198 | . . . . . 100 . 267 92 . . . . . . . . 270 1100 1019 350 Slashing 1139 | . . . . . . . . . . . . . . . . . 1139 . . . Piercing 765 | . . . . . . . . 522 . 126 . . . . 36 81 . . . . Highest Corruption 21 | . . . . . . . . 5 5 5 . . . . . . 1 . 1 21 Average Corruption 3 | . . . . . . . . 1 5 5 . . . . . . 1 . 1 7 Corruption Purged 6 | . . . . . . . . 3 . . . . . . . . . . . 3 Corruption Blocked . | . . . . . . . . . . . . . . . . . . . . . Effects 52 | . . . . . . . . 2 5 5 . . . . . . 2 . 9 29 Message Errors 14 | . . . . . . . . . 2 1 . . . . . . 2 . 3 6 Matter Fused 8 | . . . . . . . . 1 . 1 . . . . . . . . . 6 Heat Flow Errors 6 | . . . . . . . . 1 1 1 . . . . . . . . 1 2 Energy Discharges 7 | . . . . . . . . . 1 . . . . . . . . . 3 3 Parts Rejected 1 | . . . . . . . . . . . . . . . . . . . . 1 Data Loss (minor) 5 | . . . . . . . . . 1 . . . . . . . . . 1 3 Data Loss (major) 6 | . . . . . . . . . . 1 . . . . . . . . 1 4 Misfires 2 | . . . . . . . . . . . . . . . . . . . . 2 Alerts 2 | . . . . . . . . . . 1 . . . . . . . . . 1 Weapon Failures 1 | . . . . . . . . . . . . . . . . . . . . 1 Overload Shots . | . . . . . . . . . . . . . . . . . . . . . Overflow Damage 3871 | . . . . . 100 . 173 127 42 50 . 38 . . . . 395 584 1210 1152 Projectiles 865 | . . . . . . . . . . . . . . . . . . . 264 601 Explosions 905 | . . . . . . . . 28 42 . . 38 . . . . . . 526 271 Melee 2101 | . . . . . 100 . 173 99 . 50 . . . . . . 395 584 420 280 Knockbacks 12 | . . . . . . . . 1 . . . . . . . . 2 5 1 3 Impact 9 | . . . . . . . . 1 . . . . . . . . 2 5 1 . Kinetic 3 | . . . . . . . . . . . . . . . . . . . . 3 Secondary . | . . . . . . . . . . . . . . . . . . . . . Self-Inflicted Damage 161 | . . . . . . . . 62 . . . . . . . . . . 9 90 Shots 5 | . . . . . . . . 2 . . . . . . . . . . 1 2 Rammed . | . . . . . . . . . . . . . . . . . . . . . Targets Rammed . | . . . . . . . . . . . . . . . . . . . . . Kicked . | . . . . . . . . . . . . . . . . . . . . . Crushed . | . . . . . . . . . . . . . . . . . . . . . Highest Temperature 324 | 54 . 6 . . . . . 275 79 165 . 1 . . . 50 324 . 280 229 Average Temperature 67 | 21 . 6 . . . . . 120 54 94 . 1 . . . 32 109 . 74 34 Received Heat Transfer 1747 | . . 225 . . 54 . . 369 36 . . 39 . . 45 9 37 . 204 729 Siege Activations . | . . . . . . . . . . . . . . . . . . . . . Martial Activations . | . . . . . . . . . . . . . . . . . . . . . Shielding Activations . | . . . . . . . . . . . . . . . . . . . . . Robots Disrupted . | . . . . . . . . . . . . . . . . . . . . . Combat Hostiles . | . . . . . . . . . . . . . . . . . . . . . Robots Corrupted 16 | . . . . . . . 1 1 . . . . . . . . 2 6 5 1 Combat Hostiles 4 | . . . . . . . 1 . . . . . . . . . . 1 2 . Parts Fried 14 | . . . . . 2 . 1 2 . . . . . . . . 3 3 1 2 Impact Corruptions 51 | . . . . . 2 . 7 3 . . . . . . . . 5 17 11 6 Robots Melted 3 | . . . . . . . . . . . . . . . . 1 . . . 2 Combat Hostiles 3 | . . . . . . . . . . . . . . . . 1 . . . 2 Parts Melted 14 | . . 1 . . . . . . . . . . . . . 1 . . 4 8 Heat Transferred 11736 | 225 . 825 . . . . . . . . . . . . . 37 296 . 4060 6293 Parts Sabotaged 1 | . . . . . . . . . . . . . . . . . . . 1 . Parts Stolen . | . . . . . . . . . . . . . . . . . . . . . Parts Stripped . | . . . . . . . . . . . . . . . . . . . . . Power Chain Reactions . | . . . . . . . . . . . . . . . . . . . . . Alert | -11 -10 -10 -8 -8 -6 -6 -6 -5 -5 -5 -4 -4 -4 -4 -3 -3 -3 -2 -1 -1 ------- Run | Yrd Mat Sub Rec Scr Fac Low Low Fac Upp Upp Fac Upp Upp Zhi Pro Res Tes Res Acc Com Maximum Alert Level 4 | . . . . . . . . 1 . . . . . . . 2 2 1 4 4 Low Security (%) 35 | 100 100 . 100 . 100 . . 63 . . 100 . . . . . 33 . 8 19 Level 1 34 | . . . . . . . . 36 . . . . . . . . 58 100 51 . Level 2 9 | . . . . . . . . . . . . . . . . 100 8 . 20 . Level 3 15 | . . . . . . . . . . . . . . . . . . . 11 65 Level 4 4 | . . . . . . . . . . . . . . . . . . . 7 15 Level 5 . | . . . . . . . . . . . . . . . . . . . . . High Security . | . . . . . . . . . . . . . . . . . . . . . Max Security . | . . . . . . . . . . . . . . . . . . . . . Peak Influence 1393 | 10 2 . 34 . 40 . . 376 . . 15 . . . . 513 642 374 1393 1216 Initial 775 | . 2 . 34 . . . . 52 . . 11 . . . . 450 238 314 138 775 Average 394 | 2 . . 5 . 8 . . 134 . . 6 . . . . 473 231 314 512 969 Influence Increases 6449 | 20 . 125 . . 95 . 125 788 225 . 15 70 . . 5 586 1214 200 1981 1000 Destroy 0b10 Robot/C 2700 | . . 80 . . . . 100 140 80 . . 60 . . . 20 720 80 880 540 Destroy 0b10 Robot/NC 235 | 20 . . . . 5 . . 45 . . . . . . 5 5 40 40 35 40 Destroy Leader 428 | . . . . . . . 10 22 10 . . 10 . . . 10 92 26 114 134 Allied During Kill 83 | . . . . . . . . . . . . . . . . . 77 6 . . Successful Hack 128 | . . . . . . . . 49 . . . . . . . 14 50 . 15 . Disable Machine 225 | . . . . . . . . 54 . . . . . . . 9 81 . 45 36 Anti-Garrison Action 150 | . . . . . . . . . . . . . . . . . . . 150 . Destroy Structure 880 | . . . . . . . . 58 . . . . . . . 18 94 18 472 220 Advance Influence 450 | . . . . . . . . . . . . . . . . 450 . . . . Partial Spotted 105 | . . . . . . . . 15 . . 15 . . . . . 15 15 45 . Lose Combat Pursuer 1065 | . . 45 . . 90 . 15 405 135 . . . . . . 60 45 15 225 30 Influence Decreases 5494 | 15 5 40 85 . 75 20 30 765 204 119 35 50 20 . 5 100 1058 578 866 1424 Entered New Map 1520 | . 3 . 51 . . 9 . 43 54 39 9 . 6 . . . 248 328 126 604 Time Decay 2618 | 15 2 20 34 . 55 11 20 306 120 80 26 30 14 . 5 90 490 210 640 450 Search Patrol Dispatched 200 | . . . . . . . . 100 . . . . . . . . 100 . . . Lost Part 680 | . . 20 . . 20 . 10 90 30 . . 20 . . . 10 10 . 100 370 Lost Ally 100 | . . . . . . . . . . . . . . . . . 60 40 . . Purge Threat 376 | . . . . . . . . 226 . . . . . . . . 150 . . . Squads Dispatched 38 | . . . . . 1 . 1 3 . . 1 . . . . 2 12 4 11 3 Investigation 7 | . . . . . . . . 2 . . . . . . . . 2 1 2 . Extermination 13 | . . . . . . . . 1 . . . . . . . 1 3 2 4 2 Reinforcement 13 | . . . . . 1 . . . . . 1 . . . . 1 7 1 2 . Assault 5 | . . . . . . . 1 . . . . . . . . . . . 3 1 Garrison . | . . . . . . . . . . . . . . . . . . . . . Intercept . | . . . . . . . . . . . . . . . . . . . . . Searches Triggered 2 | . . . . . . . . 1 . . . . . . . . 1 . . . Construction Impeded . | . . . . . . . . . . . . . . . . . . . . . Haulers Reinforced . | . . . . . . . . . . . . . . . . . . . . . Active Scanning Responses . | . . . . . . . . . . . . . . . . . . . . . Cargo Convoy Interrupts . | . . . . . . . . . . . . . . . . . . . . . Stealth | -11 -10 -10 -8 -8 -6 -6 -6 -5 -5 -5 -4 -4 -4 -4 -3 -3 -3 -2 -1 -1 --------- Run | Yrd Mat Sub Rec Scr Fac Low Low Fac Upp Upp Fac Upp Upp Zhi Pro Res Tes Res Acc Com Distress Signals 17 | . . . . . . . . 4 . . . . . . . . 3 1 4 5 Communications Jammed . | . . . . . . . . . . . . . . . . . . . . . Distress Signals . | . . . . . . . . . . . . . . . . . . . . . Times Spotted 263 | . . 12 . . 7 . 14 43 13 . 3 4 . . 8 8 38 6 67 40 Peak Tracking Total 13 | . . 6 . . 4 . 10 11 7 . 3 3 . . 7 7 7 2 13 11 Tactical Retreats 41 | . . 2 . . 5 . 1 14 4 . . . . . . 2 1 1 9 2 Traps | -11 -10 -10 -8 -8 -6 -6 -6 -5 -5 -5 -4 -4 -4 -4 -3 -3 -3 -2 -1 -1 ------- Run | Yrd Mat Sub Rec Scr Fac Low Low Fac Upp Upp Fac Upp Upp Zhi Pro Res Tes Res Acc Com Traps Triggered 8 | . . . . . . . . 2 . . . . . . . . 1 4 1 . Indirectly . | . . . . . . . . . . . . . . . . . . . . . Trap Hack Attempts . | . . . . . . . . . . . . . . . . . . . . . Triggered . | . . . . . . . . . . . . . . . . . . . . . Disarmed . | . . . . . . . . . . . . . . . . . . . . . Reprogrammed . | . . . . . . . . . . . . . . . . . . . . . Reused . | . . . . . . . . . . . . . . . . . . . . . Traps Extracted . | . . . . . . . . . . . . . . . . . . . . . Installed . | . . . . . . . . . . . . . . . . . . . . . Triggered . | . . . . . . . . . . . . . . . . . . . . . Machines | -11 -10 -10 -8 -8 -6 -6 -6 -5 -5 -5 -4 -4 -4 -4 -3 -3 -3 -2 -1 -1 ---------- Run | Yrd Mat Sub Rec Scr Fac Low Low Fac Upp Upp Fac Upp Upp Zhi Pro Res Tes Res Acc Com Machines Disabled 27 | . . . . . . . . 6 . . . . . . 1 1 9 . 6 4 Max in Single Turn 2 | . . . . . . . . 2 . . . . . . 1 1 1 . 1 1 Garrison Access 6 | . . . . . . . . . . . . . . . . . 1 1 4 . Machines Repaired . | . . . . . . . . . . . . . . . . . . . . . Machines Dismantled . | . . . . . . . . . . . . . . . . . . . . . Machines Sabotaged . | . . . . . . . . . . . . . . . . . . . . . Overloaded Fab Kills . | . . . . . . . . . . . . . . . . . . . . . Hacking | -11 -10 -10 -8 -8 -6 -6 -6 -5 -5 -5 -4 -4 -4 -4 -3 -3 -3 -2 -1 -1 --------- Run | Yrd Mat Sub Rec Scr Fac Low Low Fac Upp Upp Fac Upp Upp Zhi Pro Res Tes Res Acc Com Machines Accessed 51 | . . . 2 . . 1 . 7 . . . . 1 3 1 3 12 2 13 6 Terminals 29 | . . . 1 . . . . 5 . . . . . . . 2 8 . 8 5 Fabricators 5 | . . . . . . . . 1 . . . . . . . 1 2 . 1 . Repair Stations 2 | . . . . . . . . 1 . . . . . . . . . . . 1 Recycling Units 2 | . . . 1 . . . . . . . . . . . . . . 1 . . Scanalyzers 2 | . . . . . . . . . . . . . . . . . 1 . 1 . Garrison Access 5 | . . . . . . . . . . . . . . . . . 1 1 3 . Total Hacks 117 | . . . 2 . . 1 . 27 . . . . 1 13 1 10 26 3 23 10 Successful 61 | . . . 2 . . 1 . 13 . . . . 1 13 1 4 14 2 10 . Failed 55 | . . . . . . . . 14 . . . . . . . 6 11 1 13 10 Catastrophic 12 | . . . . . . . . 2 . . . . . . . . 1 . 4 5 Database Lockouts 1 | . . . . . . . . . . . . . . . . . 1 . . . Manual 41 | . . . 1 . . . . 17 . . . . . . . 6 5 . 7 5 Terminals 71 | . . . 1 . . . . 22 . . . . . . . 8 16 . 16 8 Fabricators 11 | . . . . . . . . 3 . . . . . . . 2 4 . 2 . Repair Stations 4 | . . . . . . . . 2 . . . . . . . . . . . 2 Recycling Units 3 | . . . 1 . . . . . . . . . . . . . . 2 . . Scanalyzers 6 | . . . . . . . . . . . . . . . . . 4 . 2 . Garrison Access 6 | . . . . . . . . . . . . . . . . . 2 1 3 . Terminal Hacks 43 | . . . 1 . . 1 . 11 . . . . 1 13 1 3 8 . 4 . Record 6 | . . . . . . . . . . . . . . 5 1 . . . . . Part Schematic 1 | . . . . . . . . . . . . . . . . . 1 . . . Robot Analysis 4 | . . . . . . . . . . . . . . 4 . . . . . . Prototype ID Bank 5 | . . . . . . . . . . . . . . 4 . . 1 . . . Open Door 6 | . . . . . . 1 . . . . . . 1 . . . 1 . 3 . Branch Access Points 2 | . . . . . . . . 1 . . . . . . . . 1 . . . Alert Level 5 | . . . . . . . . 3 . . . . . . . . 1 . 1 . Unreport Threat 3 | . . . . . . . . 2 . . . . . . . . 1 . . . Locate Traps 1 | . . . . . . . . . . . . . . . . 1 . . . . Patrol Status 1 | . . . . . . . . 1 . . . . . . . . . . . . Zone Layout 9 | . . . 1 . . . . 4 . . . . . . . 2 2 . . . Fabricator Hacks 4 | . . . . . . . . 1 . . . . . . . 1 1 . 1 . Network Status 2 | . . . . . . . . 1 . . . . . . . 1 . . . . Load Schematic 1 | . . . . . . . . . . . . . . . . . . . 1 . Build 1 | . . . . . . . . . . . . . . . . . 1 . . . Repair Station Hacks . | . . . . . . . . . . . . . . . . . . . . . Recycling Unit Hacks 2 | . . . 1 . . . . . . . . . . . . . . 1 . . Report Inventory 2 | . . . 1 . . . . . . . . . . . . . . 1 . . Scanalyzer 5 | . . . . . . . . . . . . . . . . . 3 . 2 . Retrieve Study 5 | . . . . . . . . . . . . . . . . . 3 . 2 . Garrison Access Hacks 5 | . . . . . . . . . . . . . . . . . 1 1 3 . Seal Access 5 | . . . . . . . . . . . . . . . . . 1 1 3 . Unauthorized Hacks 2 | . . . . . . . . 1 . . . . . . . . 1 . . . Terminals 1 | . . . . . . . . . . . . . . . . . 1 . . . Assimilate 1 | . . . . . . . . . . . . . . . . . 1 . . . Fabricators 1 | . . . . . . . . 1 . . . . . . . . . . . . Fabnet 1 | . . . . . . . . 1 . . . . . . . . . . . . Repair Stations . | . . . . . . . . . . . . . . . . . . . . . Recycling Units . | . . . . . . . . . . . . . . . . . . . . . Scanalyzers . | . . . . . . . . . . . . . . . . . . . . . Garrison Access . | . . . . . . . . . . . . . . . . . . . . . Data Cores Recovered 2 | . . . . . . . . 1 . . . . . . . . 1 . . . Used . | . . . . . . . . . . . . . . . . . . . . . Hacking Detections 33 | . . . . . . . . 6 . . . . . . . 2 9 1 9 6 Full Trace Events 4 | . . . . . . . . 1 . . . . . . . . 2 . 1 . Feedback Events 1 | . . . . . . . . . . . . . . . . . . . 1 . Corruption 1 | . . . . . . . . . . . . . . . . . . . 1 . Feedback Blocked . | . . . . . . . . . . . . . . . . . . . . . Robot Schematics Acquired 1 | . . . . . . . . . . . . . . . . . 1 . . . Robots Built 2 | . . . . . . . . . . . . . . . . . 2 . . . Authchips . | . . . . . . . . . . . . . . . . . . . . . Time 68 | . . . . . . . . . . . . . . . . . 68 . . . Total Robot Build Rating 16 | . . . . . . . . . . . . . . . . . 16 . . . Part Schematics Acquired 21 | . . . . . . . . . . . . . . . . . 21 . . . Parts Built . | . . . . . . . . . . . . . . . . . . . . . Authchips . | . . . . . . . . . . . . . . . . . . . . . Time . | . . . . . . . . . . . . . . . . . . . . . Total Part Build Rating . | . . . . . . . . . . . . . . . . . . . . . Part Studies Acquired 5 | . . . . . . . . . . . . . . . . . 3 . 2 . Parts Repaired . | . . . . . . . . . . . . . . . . . . . . . Time . | . . . . . . . . . . . . . . . . . . . . . Parts Recycled . | . . . . . . . . . . . . . . . . . . . . . Recycled Matter . | . . . . . . . . . . . . . . . . . . . . . Retrieved Matter . | . . . . . . . . . . . . . . . . . . . . . Retrieved Components . | . . . . . . . . . . . . . . . . . . . . . Parts Scanalyzed . | . . . . . . . . . . . . . . . . . . . . . Part Schematics Acquired . | . . . . . . . . . . . . . . . . . . . . . Parts Damaged . | . . . . . . . . . . . . . . . . . . . . . Bothacking | -11 -10 -10 -8 -8 -6 -6 -6 -5 -5 -5 -4 -4 -4 -4 -3 -3 -3 -2 -1 -1 ------------ Run | Yrd Mat Sub Rec Scr Fac Low Low Fac Upp Upp Fac Upp Upp Zhi Pro Res Tes Res Acc Com Used RIF Installer . | . . . . . . . . . . . . . . . . . . . . . Robots Hacked 1 | . . . . . . . . . . . . 1 . . . . . . . . Non-combat . | . . . . . . . . . . . . . . . . . . . . . Combat 1 | . . . . . . . . . . . . 1 . . . . . . . . Robot Hacks Applied . | . . . . . . . . . . . . . . . . . . . . . Relay Couplers Released 2 | . . . . . . . . . . . . . . . . . . . 2 . Machine Destruction 2 | . . . . . . . . . . . . . . . . . . . 2 . Fabnet Peak Effective % 3 | . . . . . . . . . . . 3 3 3 3 1 1 1 . . . Autooverrided 1 | . . . . . . . . . . . . 1 . . . . . . . . Robots Rewired 3 | . . . . . . . . . . . . . . . . . 3 . . . Allies Hacked . | . . . . . . . . . . . . . . . . . . . . . Hacks Repelled . | . . . . . . . . . . . . . . . . . . . . . Allies | -11 -10 -10 -8 -8 -6 -6 -6 -5 -5 -5 -4 -4 -4 -4 -3 -3 -3 -2 -1 -1 -------- Run | Yrd Mat Sub Rec Scr Fac Low Low Fac Upp Upp Fac Upp Upp Zhi Pro Res Tes Res Acc Com Total Allies 7 | . . . . . . . . . . . . 1 . . 1 . 5 . . . Largest Group 3 | . . . . . . . . . . . . 1 . . 1 . 3 2 . . Highest-Rated Group 249 | . . . . . . . . . . . . 12 . . 56 . 249 180 . . Highest-Rated Ally 121 | . . . . . . . . . . . . 12 . . 56 . 121 90 . . Total Orders . | . . . . . . . . . . . . . . . . . . . . . Ally Attacks 161 | . . . . . . . . . . . . 2 . . 4 . 134 21 . . Total Damage 5849 | . . . . . . . . . . . . 29 . . 65 . 4813 942 . . Kills 21 | . . . . . . . . . . . . . . . . . 19 2 . . Allies Corrupted 1 | . . . . . . . . . . . . . . . . . 1 . . . Allies Melted 1 | . . . . . . . . . . . . . . . . . . . . 1 Intel | -11 -10 -10 -8 -8 -6 -6 -6 -5 -5 -5 -4 -4 -4 -4 -3 -3 -3 -2 -1 -1 ------- Run | Yrd Mat Sub Rec Scr Fac Low Low Fac Upp Upp Fac Upp Upp Zhi Pro Res Tes Res Acc Com Active Infowar (turns) 6972 | 4 203 302 . . 95 110 54 659 114 166 93 557 286 161 284 193 987 427 1282 995 Optics 686 | . . . . . . . . . . . . . . . . . . . . 686 Sensors 5992 | . . . . . 95 110 54 655 114 166 93 557 286 161 284 193 987 427 1160 650 Terrain 1602 | . . . . . 21 . . . . . . 424 82 45 284 193 484 . . 69 Traps 2 | . . . . . 2 . . . . . . . . . . . . . . . Seismic 509 | 4 203 302 . . . . . . . . . . . . . . . . . . Machine Analysis 2239 | . . . . . 56 110 54 224 . . . . . . . . . . 1014 781 Cloaking 307 | . . . . . . . . . . . . . . . . . . . . 307 Robot Analysis Total 4 | . . . . . . . . . . . . . . 4 . . . . . . Derelict Logs Recovered 7 | . . . . 3 . . . . 1 . . 1 2 . . . . . . . Drone Launches . | . . . . . . . . . . . . . . . . . . . . . Drone Recoveries . | . . . . . . . . . . . . . . . . . . . . . Exploration | -11 -10 -10 -8 -8 -6 -6 -6 -5 -5 -5 -4 -4 -4 -4 -3 -3 -3 -2 -1 -1 ------------- Run | Yrd Mat Sub Rec Scr Fac Low Low Fac Upp Upp Fac Upp Upp Zhi Pro Res Tes Res Acc Com Turns Passed 8263 | 93 203 306 260 505 246 110 54 679 259 166 93 557 286 161 284 193 987 427 1282 1112 Spaces Moved 8816 | 65 18 217 174 484 275 273 76 910 304 187 101 337 244 138 352 262 1117 666 1576 1040 Core 34 | 6 . . . . . . . 28 . . . . . . . . . . . . Treads . | . . . . . . . . . . . . . . . . . . . . . Legs 195 | . . . 122 15 . . . . . . . . . . . . . . . 58 Wheels 898 | 59 18 217 52 . . . . 13 . . . 211 244 84 . . . . . . Hover 7487 | . . . . 469 275 273 76 671 304 187 97 126 . 54 352 262 1117 666 1576 982 Flight 202 | . . . . . . . . 198 . . 4 . . . . . . . . . Fastest Speed 40 | 50 100 80 90 56 40 40 40 40 66 80 70 85 100 47 42 42 43 43 49 44 Average Speed 62 | 95 100 97 145 102 78 40 40 53 77 84 84 103 100 80 46 42 43 46 50 53 Slowest Speed 190 | 100 100 100 180 180 116 40 42 110 80 85 85 115 100 105 50 43 93 118 124 190 Overloaded Moves . | . . . . . . . . . . . . . . . . . . . . . Propulsion Burnouts . | . . . . . . . . . . . . . . . . . . . . . Robots Hopped 4 | . . . . . . . . 4 . . . . . . . . . . . . Potential Cave-ins 6 | . . . . . . . . . . . . . . . . . 2 . 2 2 Cave-ins Triggered . | . . . . . . . . . . . . . . . . . . . . . Exploration Rate (%) 34 | 5 6 24 40 50 13 50 9 34 59 28 4 52 51 60 57 9 77 22 40 39 Regions Visited 20 Branch Regions 13 Pre-discovered Areas 4 | . . . . 1 . . . . . . . . . 3 . . . . . . Known Exits Taken 12 | . . . . . . . . 1 1 1 1 1 1 1 1 1 1 1 1 . Unknown Exits Taken 8 | 1 1 1 1 1 1 1 1 . . . . . . . . . . . . . Scrap Searched 11 | . . . . 3 . 1 . . 1 . . 2 4 . . . . . . . Spaces Dug 130 | . . . . . . . . 7 2 . . 1 . . . 9 19 6 59 27 Terrain Destroyed 530 | . . . . . . . . 39 59 . . 72 . . . 9 64 6 191 90 Melee 94 | . . . . . . . . 7 2 . . 1 . . . 9 17 6 46 6 Projectile 48 | . . . . . . . . . . . . . . . . . 10 . 8 30 AOE 375 | . . . . . . . . 32 57 . . 71 . . . . 28 . 136 51 Terrain Rammed . | . . . . . . . . . . . . . . . . . . . . . Walls Destroyed . | . . . . . . . . . . . . . . . . . . . . . Machines Disabled . | . . . . . . . . . . . . . . . . . . . . . Actions | -11 -10 -10 -8 -8 -6 -6 -6 -5 -5 -5 -4 -4 -4 -4 -3 -3 -3 -2 -1 -1 --------- Run | Yrd Mat Sub Rec Scr Fac Low Low Fac Upp Upp Fac Upp Upp Zhi Pro Res Tes Res Acc Com Total 10824 | 80 203 266 182 491 299 273 84 1054 320 189 108 538 285 184 468 329 1496 748 1891 1336 Wait 1139 | . 186 15 . . 9 . . 76 7 . 2 191 38 37 109 35 211 27 144 52 Move 8790 | 64 17 216 173 483 274 272 75 903 303 186 100 336 243 137 351 261 1116 665 1575 1040 Hop 2 | . . . . . . . . 2 . . . . . . . . . . . . Pick Up 42 | 3 . 5 2 . 1 1 1 1 . . 1 . 4 1 1 2 8 2 4 5 Fast Attach 131 | 7 . 1 2 4 8 . . 18 . 1 2 1 . 7 1 4 15 17 7 36 Attach 71 | . . 2 1 . 1 . . 5 2 . 1 4 . . 1 1 4 1 18 30 Detach 58 | . . . . 2 1 . . 6 2 . 1 1 . . . 1 9 1 16 18 Swap 14 | . . . . 1 1 . . 1 . . . . . . . 2 2 3 . 4 Drop 66 | . . . 4 1 3 . . 9 . . 1 . . 2 1 7 18 9 1 10 Fire 312 | 6 . 27 . . . . . 11 4 . . 4 . . . 1 60 5 61 133 Melee 188 | . . . . . 1 . 8 22 2 2 . 1 . . 4 15 42 18 65 8 Ram . | . . . . . . . . . . . . . . . . . . . . . Kick . | . . . . . . . . . . . . . . . . . . . . . Crush . | . . . . . . . . . . . . . . . . . . . . . Escape Stasis . | . . . . . . . . . . . . . . . . . . . . . Rewire 11 | . . . . . . . . . . . . . . . . . 11 . . . Trap . | . . . . . . . . . . . . . . . . . . . . . Miscellaneous . | . . . . . . . . . . . . . . . . . . . . . Route ------- -11/Scrapyard -10/Materials -10/Subcaves (discovered 2 exits: [*Mat] / *Rec) -8/Recycling -8/Scraptown -6/Factory -6/Lower Caves -6/Lower Caves -5/Factory (discovered 2 exits: *Upp x2) -5/Upper Caves -5/Upper Caves -4/Factory (discovered 3 exits: *Upp / Ext x2) -4/Upper Caves -4/Upper Caves -4/Zhirov -3/Proximity Caves -3/Research (discovered 3 exits: Res / *Tes x2) -3/Testing -2/Research -1/Access (discovered 2 exits: *Sur / *Com) -1/Command (discovered 2 exits: Sur x2) History --------- Turn | Location | Event 3 | -11/Scrapyard | Discovered new exit (range 16) 94 | -11/Scrapyard | Entered Materials 261 | -10/Materials | Discovered new exit (range 7) 297 | -10/Materials | Entered Subcaves 298 | -10/Subcaves | Approached by a straggling Scientist 301 | -10/Subcaves | Build established: Mutant 326 | -10/Subcaves | Ambushed by Subdwellers from Twisted Machinery 467 | -10/Subcaves | Core integrity fell below 50% 502 | -10/Subcaves | Lost 4 parts (1p2n1w) 529 | -10/Subcaves | Discovered new exit (range 13) 590 | -10/Subcaves | Discovered new exit (range 14) 603 | -10/Subcaves | Entered Recycling 818 | -8/Recycling | Scanned before Scraplab entrance 845 | -8/Recycling | Entered Scraplab 860 | -8/Recycling | Discovered new exit (range 2) 863 | -8/Recycling | Entered Scraptown 974 | -8/Scraptown | Heard Great Nut preacher, LISTEN AND RECITE! 1049 | -8/Scraptown | Scanned Subdweller tech in exchange for log data 1051 | -8/Scraptown | Learned Research terminal intel 1052 | -8/Scraptown | Learned location of Armory (-4) 1054 | -8/Scraptown | Learned Research stockpile data 1066 | -8/Scraptown | Discovered new exit (range 11) 1202 | -8/Scraptown | Build established: Hacker-Mutant 1294 | -8/Scraptown | Visited Spacefarers 1308 | -8/Scraptown | Visited Symbiants 1328 | -8/Scraptown | Visited TADAMA 1368 | -8/Scraptown | Entered Factory 1368 | -6/Factory | Evolved 8 slots: Propulsion x4, Utility x4 1608 | -6/Factory | Discovered new exit (range 14) 1614 | -6/Factory | Entered Lower Caves 1719 | -6/Lower Caves | Discovered new exit (range 11) 1724 | -6/Lower Caves | Entered another Lower Caves area 1754 | -6/Lower Caves | Attracted the attention of an 0b10 outpost 1776 | -6/Lower Caves | Discovered new exit (range 5) 1778 | -6/Lower Caves | Entered Factory 1778 | -5/Factory | Evolved 2 slots: Power x1, Utility x1 1843 | -5/Factory | Identified exit to Upper Caves 2012 | -5/Factory | Core integrity fell below 50% 2033 | -5/Factory | Lost 7 parts (4n2u1w) 2378 | -5/Factory | Search patrols dispatched 2455 | -5/Factory | Found Prototype Launcher 2455 | -5/Factory | Identified Tesla Bomb Launcher 2457 | -5/Factory | Entered Upper Caves 2507 | -5/Upper Caves | Core integrity fell below 20% 2700 | -5/Upper Caves | Learned 8 Factory zone layouts 2709 | -5/Upper Caves | Discovered new exit (range 8) 2715 | -5/Upper Caves | Identified exit to Upper Caves 2716 | -5/Upper Caves | Entered another Upper Caves area 2808 | -5/Upper Caves | Discovered new exit (range 9) 2881 | -5/Upper Caves | Identified exit to Factory 2882 | -5/Upper Caves | Entered Factory 2882 | -4/Factory | Evolved 2 slots: Utility x2 2883 | -4/Factory | Identified exit to Extension 2930 | -4/Factory | Discovered new exit (range 12) 2948 | -4/Factory | Identified exit to Upper Caves 2975 | -4/Factory | Entered Upper Caves 3063 | -4/Upper Caves | Learned location of 2 exits from Research 3376 | -4/Upper Caves | Build established: Hacker-Assassin 3518 | -4/Upper Caves | Discovered new exit (range 10) 3527 | -4/Upper Caves | Attracted the attention of an 0b10 checkpoint 3531 | -4/Upper Caves | Identified exit to Upper Caves 3532 | -4/Upper Caves | Entered another Upper Caves area 3726 | -4/Upper Caves | Learned Research emergency access door positions 3771 | -4/Upper Caves | Encountered a Warlord checkpoint 3779 | -4/Upper Caves | Learned Research emergency access door positions 3803 | -4/Upper Caves | Discovered new exit (range 16) 3817 | -4/Upper Caves | Identified exit to Zhirov 3818 | -4/Upper Caves | Entered Zhirov 3818 | -4/Zhirov | Discovered new exit (range 3) 3836 | -4/Zhirov | Met Zhirov 3854 | -4/Zhirov | Learned location of Quarantine (-2) 3854 | -4/Zhirov | Learned location of Testing (-3) 3854 | -4/Zhirov | Learned location of Command (-1) 3862 | -4/Zhirov | Zhirov requested help retrieving the SGEMP Prototype 3877 | -4/Zhirov | Found Alien Artifact 3877 | -4/Zhirov | Identified Integrated Dissipator 3877 | -4/Zhirov | Installed Integrated Dissipator, increased core heat dissipation (+20) 3890 | -4/Zhirov | Found Alien Artifact 3978 | -4/Zhirov | Identified exit to Proximity Caves 3979 | -4/Zhirov | Entered Proximity Caves 3981 | -3/Proximity Caves | Spotter reported a threat 3982 | -3/Proximity Caves | Spotter reported a threat 4031 | -3/Proximity Caves | Found Alien Artifact 4199 | -3/Proximity Caves | Build established: Hacker-Scout 4226 | -3/Proximity Caves | Spotter reported a threat 4259 | -3/Proximity Caves | Discovered new exit (range 10) 4262 | -3/Proximity Caves | Identified exit to Research 4263 | -3/Proximity Caves | Entered Research 4263 | -3/Research | Evolved 2 slots: Utility x1, Weapon x1 4264 | -3/Research | Identified exit to Testing 4264 | -3/Research | Identified exit to Research 4267 | -3/Research | Loaded intel: 23 terminal locations 4452 | -3/Research | Discovered exit to Testing (range 5) 4456 | -3/Research | Entered Testing 4460 | -3/Testing | Spotted PH-1JPFMAPJSB 4467 | -3/Testing | Found Prototype Processor 4467 | -3/Testing | Identified Exp. Signal Interpreter 4489 | -3/Testing | Found Prototype Hackware 4489 | -3/Testing | Identified System Mapper 4559 | -3/Testing | Found Prototype Device 4559 | -3/Testing | Identified Exp. Hardlight Generator 4614 | -3/Testing | Rewired PL-L22PF77C57 4690 | -3/Testing | Spotted Striker 4706 | -3/Testing | Search patrols dispatched 4735 | -3/Testing | Central database locked down 4785 | -3/Testing | Fabricated Y-72 Warden? 4818 | -3/Testing | Found Prototype Energy Gun 4818 | -3/Testing | Identified Warp Gun 4837 | -3/Testing | Found Prototype Ballistic Gun 4837 | -3/Testing | Identified Hyp. Multirail 4855 | -3/Testing | Spotted Alpha 7 4857 | -3/Testing | Scanned by Researcher 4910 | -3/Testing | Destroyed Alpha 7 4922 | -3/Testing | Rewired XT-YW8(L) 4927 | -3/Testing | Rewired XL-PKG(L) 4940 | -3/Testing | Found Prototype Device 4940 | -3/Testing | Identified AEGIS Remote Shield 4976 | -3/Testing | Found Prototype Energy Cannon 4976 | -3/Testing | Identified Imp. Potential Cannon 4980 | -3/Testing | Found Prototype Energy Cannon 4980 | -3/Testing | Identified Potential Cannon 5233 | -3/Testing | Discovered exit to Research (range 10) 5240 | -3/Testing | Build established: Hacker-Mutant 5297 | -3/Testing | Found Prototype Protection 5297 | -3/Testing | Identified Lgt. Regenerative Plating 5347 | -3/Testing | Unstable Terrabomb Derivative detonated 5443 | -3/Testing | Entered Research 5443 | -2/Research | Accompanied by 2 allies 5443 | -2/Research | Evolved 2 slots: Power x1, Utility x1 5537 | -2/Research | Spotted B-90 Cyclops 5616 | -2/Research | Spotted B-90 Cyclops 5851 | -2/Research | Discovered new exit (range 13) 5860 | -2/Research | Identified exit to Access 5870 | -2/Research | Entered Access 5870 | -1/Access | Evolved 2 slots: Utility x1, Weapon x1 6004 | -1/Access | Destroyed 7 combat bots 6166 | -1/Access | Spotted B-99 Colossus 6248 | -1/Access | Spotted B-99 Colossus 6358 | -1/Access | Discovered new exit (range 5) 6362 | -1/Access | Identified exit to Surface 6422 | -1/Access | Build established: Hacker-Scout 6448 | -1/Access | Spotted B-99 Colossus 6820 | -1/Access | Destroyed 13 combat bots 6870 | -1/Access | First assault squad dispatched 6959 | -1/Access | Garrison activated, responded to threat 7089 | -1/Access | Destroyed 13 combat bots 7149 | -1/Access | Discovered new exit (range 7) 7152 | -1/Access | Identified exit to Command 7152 | -1/Access | Entered Command 7167 | -1/Command | Lost 4 parts (4u) 7348 | -1/Command | Destroyed 12 combat bots 7430 | -1/Command | Lost 7 parts (1p2n3u1w) 7464 | -1/Command | Spotted B-99 Colossus 7502 | -1/Command | Found Prototype Device 7502 | -1/Command | Identified Exp. EM Shield 7885 | -1/Command | Spotted Combat Programmer 7885 | -1/Command | Spotted Combat Programmer 7902 | -1/Command | First assault squad dispatched 7930 | -1/Command | Met MAIN.C 7934 | -1/Command | 0b10 Conduit disabled 7948 | -1/Command | System corruption reached 10% 8026 | -1/Command | Core integrity fell below 50% 8050 | -1/Command | Identified Dimensional Node Initializer 8050 | -1/Command | Initialized slip node 8051 | -1/Command | Destroyed MAIN.C Shell 8052 | -1/Command | Surrendered to MAIN.C 8052 | -1/Command | Loaded intel: 70 machine locations 8052 | -1/Command | Loaded intel: 94 trap records 8052 | -1/Command | Discovered exit to Surface (range 41) 8052 | -1/Command | Discovered exit to Surface (range 107) 8082 | -1/Command | Lost 21 parts (3p5n6u7w) 8115 | -1/Command | MAIN.C activated Command garrisons 8146 | -1/Command | Found Prototype Reactor 8146 | -1/Command | Identified Vortex Chain Reactor 8154 | -1/Command | Unknown forces attacked Command 8154 | -1/Command | Spotted EQ-001 8159 | -1/Command | Found Prototype Energy Cannon 8159 | -1/Command | Identified Cld. Nova Cannon 8163 | -1/Command | Core integrity fell below 20% 8173 | -1/Command | Found Prototype Processor 8173 | -1/Command | Identified Exp. Core Analyzer 8176 | -1/Command | Found Prototype Device 8176 | -1/Command | Identified Adv. Particle Accelerator 8181 | -1/Command | Spotted EQ-000 8203 | -1/Command | Destroyed EQ-000 8215 | -1/Command | Found Prototype Device 8215 | -1/Command | Identified Exp. System Purifier 8247 | -1/Command | Spotted EQ-031 8248 | -1/Command | Spotted EQ-019 8248 | -1/Command | Spotted EQ-036 8249 | -1/Command | Spotted EQ-018 8262 | -1/Command | Lost 4 allies 8264 | -1/Command | Destroyed by EQ-019 with Nova Cannon Last Messages --------------- 08255_ Exp. System Purifier purges 1% system corruption (19%). 08255_ System corrupted: FCS attempts to trigger Hvy. Quantum Rifle. 08255_ System corrupted: Hvy. Quantum Rifle misfires. 08255_ Penetrated by Slug. 08255_ Slug penetrates Wall. 08257_ Graviton Cannon destroyed. 08258_ Penetrated by Slug. 08258_ Imp. Antigrav System destroyed. 08258_ Penetrated by Slug. 08258_ Slug penetrates Wall. 08258_ Slug penetrates Terminal. 08260_ Terminal disabled. 08262_ Penetrated by Slug. 08263_ Exp. Biometal Leg blasted off. 08263_ Knocked back. 08263_ Slug penetrates Terminal. 08263_ Destroyed Prototype Device. Map ----- +----------------------------------------------------+ | ????????????# # ## #????????###???##### | | ????????????## ## ## < #?######## ###?#???? | | ???########### ## ## #?# #?#?### | | ???# ## ## #### #?# #?#?#"" | | ???# ## ###+######## #?# #?#?#"" | | ???# "" !## ## "" # #?# #?#?#"" | | ???# """ # # """" # #?# = #?#?#"" | | ???# T" + "" # """" + #?# #?#?#" | | ???# """ #^T" # "" # #?#"" #?#?#"" | | ???# "" [# # # #?#"" !!! #?#?#"" | | ???# ## ## # #?#"" !!! #?#?# " | | ???# ## ## # #?#"Y !!! #?#?# " | | ???########### ## ! # #?#"" #?#?# " | | ?????????????# ############ #?#"" #?#?#"" | | ????????????## ##????????## ###"" #?#?#"" | | ????????????# ########## ## #?#?# | | ????????????# ## #?#?# | | ????????????# #########+####### | | ????????????# ########## | | ????????????## ##????????############# | | ?????????????# #?????????????????????# | | ?????????????# #???????????????################ | | ?????????????# #???????????????# #?#?# | | ???????????### w###??????????#### #?#?# | | ???????????# % #;#########;;## #?#?### | | ???????????# @= Q #?#???? | | ???????????# T % Q ; Q #?##### | | ???????????# "" %Q/ "" #?????? | | ???????????# # "T #?????? | | ???????????# ;#; ######### # "" #?????? | | ???????????###+######+##??????# # #?????? | | ????????????# ! #??????# # #?????? | | ????????????# #??????# ############?????? | | ????????????# ######## #######??????????? | | ????????????# """" ## ## ## ############ | | ????????????# """" ## " T" | | ????????????# """" ## "" | | ????????????# """" ## # # ######### | | ????????????# ### # ###"######### | | ????????????# #?# # % # | | ????????????# """" #?# # | | ????????????# """" #?# * ] """" # | | ?############ """" #?# # * """" # * = | | ?#""""""# ## """" #?# #" """" ####### | | ?#""" + ## #?# #""" """" #?????? | | ?#""" + ## #?# # #?????? | | ?#""" + #####+###+###?# # #?????? | | ?#""""""# #???# #?# #???# ########+#######?????? | | ######### #####+###+#####+######### #???????????? | | """"" # # # ## #???????????? | +----------------------------------------------------+ Best States ------------- Heat Dissipation 129 Energy Generation 58 Energy Capacity 1200 Matter Stores 300 Matter Capacity 300 Sight Range 20 Robot Scan Range 16 Terrain Scan Range 20 Terrain Scan Density 10 Cloak Strength 2 Armor Coverage 375 Resistance: KI 20 Resistance: TH 20 Resistance: EX 20 Resistance: EM 20 Resistance: I 20 Resistance: S 20 Resistance: P 20 Power Shielding 90 Propulsion Shielding 33 Weapon Shielding 66 Evasion (%) 62 Target Analysis 12 Core Analysis 8 Particle Charging 50 Kinecelleration 40 Offensive Hacking 44 Defensive Hacking 10 Item Schematics ----------------- Particle Accelerator | -3/Testing | Archive Exp. Matter Compressor | -3/Testing | Archive Prc. Phase Gun | -3/Testing | Archive Tactical Quantum Warhead | -3/Testing | Archive Adv. Thermal Defense Suite | -3/Testing | Archive Neutron Missile Launcher | -3/Testing | Archive Hvy. Regenerative Plating | -3/Testing | Hacked Imp. Thermal Defense Suite | -3/Testing | Archive Exp. Power Amplifier | -3/Testing | Archive Com. Particle Reactor | -3/Testing | Archive Enh. Coil Gun | -3/Testing | Archive Proton Burst Cannon | -3/Testing | Archive Enh. Armored Medium Treads | -3/Testing | Archive Gravity Flail | -3/Testing | Archive Exp. Optical Array | -3/Testing | Archive Coolant Network | -3/Testing | Archive Hvy. Wave Gun | -3/Testing | Archive Graviton Reactor | -3/Testing | Archive Diametric Drive | -3/Testing | Archive Exp. System Shield | -3/Testing | Archive Adv. EM Shield | -3/Testing | Archive Robot Schematics ------------------ K-01 Serf | -3/Testing | Archive Fabricated ------------ Y-72 Warden | x2 | -3/Testing | Preloaded Repaired ---------- Nothing Studied --------- Antigrav Array | -3/Testing | Hacked Micro-nuke Launcher | -3/Testing | Hacked Mic. Antimatter Reactor | -3/Testing | Hacked Cmb. Linear Gravjet | -1/Access | Hacked Hyp. Railgun | -1/Access | Hacked Alien Tech Used ----------------- Integrated Dissipator Dimensional Node Initializer Achievements -------------- Prodigal Son Challenges ------------ None Game ------ Seed HybridBiocellCannon Manual? 0 Play Time 02:04:15 Cumulative 263.8 hours Start 2025.12.28 @ 20:52:25 End 2025.12.30 @ 17:35:09 Sessions 13 Manual Loads 0 Difficulty Adventurer Special Mode None Game No. 200 Rogue 10 Adventurer 190 Explorer 0 Win Type - Total 17 Types 7/0/7/3/0/0/0/0/0/0 Lore% 76 Gallery% 73 Achievement% 57 Wizard Run 0 Options --------- Layout 1 ASCII 0 Keyboard 0 Movement Mouse Keybinds 0 Fullscreen 1 Font 24/Smallcaps Map View 50x35 Zoom Use 0% Tactical HUD 1 Map Filters NONE Filters NONE Steam 1 RUN: 9a599904-4278-4596-952f-b5394fa64625